 Dungeon Crawl Stone Soup version 0.21-a0 (webtiles) character file.

277 Lexie the Magician (level 6, -19/36 HPs)
             Began as an Octopode Fire Elementalist on May 19, 2017.
             Demolished by an ogre
             ... wielding a +0 giant club
              (26 damage)
             ... on level 4 of the Dungeon.
             The game lasted 00:05:40 (3798 turns).

Lexie the Magician (Octopode Fire Elementalist)     Turns: 3798, Time: 00:05:41

Health: -19/36     AC:  1    Str:  7    XL:     6   Next: 25%
Magic:  0/12       EV: 13    Int: 19    God:
Gold:   134        SH:  0    Dex: 13    Spells: 3/13 levels left

rFire    . . .     SeeInvis .   g - +2 dagger (holy)
rCold    . . .     Gourm    .   (no shield)
rNeg     . . .     Faith    .   (helmet restricted)
rPois    .         Spirit   .   (no amulet)
rElec    .         Reflect  .   (no ring)
rCorr    .         Harm     .   (no ring)
MR       .....                  (no ring)
Stlth    +++.......             (no ring)
Regen    0.2/turn               (no ring)
MPRegen  0.2/turn               (no ring)
                                (no ring)
                                (no ring)

@: very slightly contaminated
A: almost no armour, stealthy swim, amphibious, 8 rings, constrict 8, camouflage
1, gelatinous body 1
a: no special abilities


You were on level 4 of the Dungeon.
You were hungry.

You visited 1 branch of the dungeon, and saw 4 of its levels.

You collected 134 gold pieces.

Inventory:

Hand Weapons
 e - a +0 dagger
 g - a +2 dagger of holy wrath (weapon)
Wands
 s - a wand of random effects (20/48)
Scrolls
 c - 5 scrolls of identify {unknown}
 h - a scroll of random uselessness {unknown}
 k - a scroll of magic mapping {unknown}
 m - a scroll of fog {unknown}
 o - a scroll of enchant weapon {unknown}
 p - a scroll of fear {unknown}
 u - 3 scrolls of amnesia {unknown}
Potions
 d - a potion of degeneration {unknown}
 j - a potion of ambrosia {unknown}
 l - a potion of berserk rage {unknown}
 q - 2 potions of curing {unknown}
 r - a potion of flight {unknown}
 t - a potion of cancellation {unknown}
Books
 a - a book of Flames

   Spells                             Type                      Level
   a - Flame Tongue                   Conjuration/Fire             1
   b - Throw Flame                    Conjuration/Fire             2
   c - Conjure Flame                  Conjuration/Fire             3
   d - Inner Flame                    Hexes/Fire                   3
   e - Sticky Flame                   Conjuration/Fire             4
   f - Fireball                       Conjuration/Fire             5
Comestibles
 b - 3 bread rations
 f - 4 fruits
 i - a meat ration
 n - a chunk of flesh


   Skills:
 - Level 2.0 Dodging
 - Level 2.6 Stealth
 * Level 4.1 Spellcasting
 * Level 3.8 Conjurations
 + Level 3.9 Fire Magic


You had 3 spell levels left.
You knew the following spells:

 Your Spells              Type           Power        Failure   Level  Hunger
a - Flame Tongue          Conj/Fire      ###..        2%          1    None
b - Throw Flame           Conj/Fire      ###...       4%          2    ##.....
c - Conjure Flame         Conj/Fire      ###.....     9%          3    ###....
d - Sticky Flame          Conj/Fire      ###.....     26%         4    ####...


Dungeon Overview and Level Annotations

Branches:
Dungeon (4/15)
 Temple: D:4-7

Altars:
Cheibriados


Innate Abilities, Weirdness & Mutations

You cannot wear most types of armour.
You are very stealthy in the water. (Stealth+)
You are amphibious.
You can wear up to eight rings at the same time.
You can use your tentacles to constrict eight enemies at once.
Your skin changes colour to match your surroundings (Stealth+).
Your rubbery body absorbs attacks. (AC +1, EV +1)


Message History

Heat runs through your body. The ogre hits you with a giant club!
Found 15 stones.
Casting: Sticky Flame
Confirm with . or Enter, or press ? or * to list all spells.
Aiming: Conjure Flame
Press: ? - help, Dir - move target cursor, p - ogre You miscast Conjure Flame.
Nothing appears to happen.
Casting: Conjure Flame
Confirm with . or Enter, or press ? or * to list all spells.
Aiming: Sticky Flame
Press: ? - help, Shift-Dir - straight line, f - ogre
Aim: an ogre, wielding a giant club (lightly wounded)
You miscast Sticky Flame.
You are blasted with fire.
Ouch! That really hurt!
* * * LOW HITPOINT WARNING * * *
You are feeling hungry.
The ogre hits you with a giant club!!
Ouch! That really hurt!
You die...

#..#...$#.....#######.#.#
#. ###...#.#..## #.#.# #
###...#...## #.#.#
#...#....# #.#.#
#........# ##.#..
####........# #..#..
#......<.....####.##..
..........O....##.# .
#.(.....#.@....##.##....
#.......#................
#.......#........##......
#########................
#.............###
#####...####..# #<..# .#
#...# .. #...#


You could see an ogre.

Vanquished Creatures
  A bullfrog zombie (D:3)
  Jessica (D:2)
  Natasha (thrice) (D:3)
  A hound skeleton (D:3)
  4 adders
  3 dart slugs
  3 worms
  2 leopard geckos (D:1)
  4 orcs (D:3)
  3 ball pythons
  6 giant cockroaches
  13 goblins
  6 hobgoblins
  4 jackals (D:3)
  A quokka (D:3)
  7 bats
  3 frilled lizards
  8 kobolds
  7 rats
80 creatures vanquished.

Notes
Turn   | Place    | Note
-------+----------+-------------------------------------------
     0 | D:1      | Lexie the Octopode Fire Elementalist began the quest for the Orb.
     0 | D:1      | Reached XP level 1. HP: 11/11 MP: 3/3
   256 | D:1      | Reached XP level 2. HP: 17/17 MP: 0/5
   801 | D:1      | Reached XP level 3. HP: 21/21 MP: 5/7
  1178 | D:2      | Learned a level 2 spell: Throw Flame
  1182 | D:2      | Learned a level 3 spell: Conjure Flame
  1398 | D:2      | Noticed Jessica
  1401 | D:2      | Killed Jessica
  1401 | D:2      | Reached skill level 3 in Spellcasting
  1401 | D:2      | Reached XP level 4. HP: 27/27 MP: 5/8
  1467 | D:2      | Found a snail-covered altar of Cheibriados.
  2205 | D:3      | Reached XP level 5. HP: 15/31 MP: 4/10
  2722 | D:3      | Noticed Natasha
  2727 | D:3      | Killed Natasha
  2845 | D:3      | Noticed Natasha
  2853 | D:3      | Killed Natasha
  2963 | D:3      | Noticed Natasha
  2965 | D:3      | Killed Natasha
  2965 | D:3      | Reached XP level 6. HP: 25/36 MP: 7/11
  3565 | D:3      | Reached skill level 4 in Spellcasting
  3633 | D:3      | Learned a level 4 spell: Sticky Flame
  3798 | D:4      | Demolished by an ogre

Vault maps used:
D:1:      dpeg_arrival_arbitrary_b, serial_forest, infiniplex_forest_lined_2,
          infiniplex_forest_clump_cross, infiniplex_forest_lined_3,
          infiniplex_forest_clump_long, infiniplex_forest_fountain,
          infiniplex_forest_end_2, infiniplex_forest_lined_ring,
          infiniplex_forest_clump_long, infiniplex_forest_clump_small
D:2:      kennysheep_slug_shrine, minmay_distorted, uniq_jessica
D:3:      nicolae_overflow_hidden_temple, first_bread, serial_bayou_lagoon_a,
          uniq_natasha

Skill      XL: |  1  2  3  4  5  6 |
---------------+-------------------+-----
Conjurations   | 2 3 |  3.8
Spellcasting   | 3 4 |  4.1
Dodging        | |  2.0
Stealth        | |  2.6
Fire Magic     | |  3.9

Action                   |  1- 3 |  4- 6 || total
-------------------------+-------+-------++-------
Melee: Unarmed           |     5 |       ||     5
       Constrict         |     3 |     2 ||     5
       Dagger            |     1 |    11 ||    12
       Tentacles         |     1 |     4 ||     5
 Cast: Flame Tongue      |    42 |   113 ||   155
       Throw Flame       |       |     6 ||     6
       Conjure Flame     |       |     1 ||     1
  Eat: Chunk             |     2 |     7 ||     9
Armor: Skin              |     1 |     3 ||     4
Dodge: Dodged            |    13 |    50 ||    63
